 Dungeon Crawl Stone Soup version 0.31.0 (webtiles) character file.

Game seed: 5932496498994803754

180996 Daunt the Executioner (level 17, -1/240 HPs)
             Began as a Minotaur Berserker on Jan 19, 2024.
             Was a High Priest of Trog.
             Slain by a salamander
             ... wielding a +0 halberd
              (9 damage)
             ... on level 1 of the Snake Pit.
             The game lasted 01:05:23 (24190 turns).

Daunt the Executioner (Minotaur Berserker)         Turns: 24190, Time: 01:05:24

Health: -1/240     AC: 30    Str: 36    XL:     17   Next: 32%
Magic:  25/25      EV: 11    Int:  6    God:    Trog [*****.]
Gold:   1009       SH:  0    Dex:  7    Spells: 16/16 levels left

rFire   . . .        a - +9 battleaxe (heavy)
rCold   . . .        (shield currently unavailable)
rNeg    + . .        v - +7 plate armour of Akhlyj Hiytt {SInv}
rPois   +            j - +0 hat
rElec   .            g - +2 cloak
rCorr   .            o - +0 pair of gloves
SInv    +            J - +0 pair of boots "Hivemuh" {MP+9 Str+8 Dex-3 Stlth-}
Will    +....        p - amulet of regeneration Stlth
                     V - ring of poison resistance
HPRegen 1.40/turn    L - ring of positive energy
MPRegen 0.19/turn

%: no passive effects
@: berserking, very quick
A: horns 2, retaliatory headbutt
}: 1/15 runes: decaying
a: Renounce Religion, Berserk, Trog's Hand, Brothers in Arms


You were on level 1 of the Snake Pit.
You worshipped Trog.
Trog was extremely pleased with you.
You visited 5 branches of the dungeon, and saw 28 of its levels.
You also visited: Ossuary.

You collected 3082 gold pieces.
You spent 2073 gold pieces at shops.

Inventory:

Hand Weapons
 a - a +9 heavy battleaxe (weapon)
 b - a +5 battleaxe of flaming
 X - a +5 antimagic executioner's axe
Missiles
 i - 10 curare-tipped darts
 q - 38 poisoned darts (quivered)
 s - 32 boomerangs
 E - 2 javelins
 W - 4 atropa-tipped darts
Armour
 g - a +2 cloak (worn)
 j - a +0 hat (worn)
 o - a +0 pair of gloves (worn)
 v - the +7 plate armour of Akhlyj Hiytt (worn) {SInv}
   (You acquired it on level 13 of the Dungeon)

   SInv:      It lets you see invisible.
 J - the +0 pair of boots "Hivemuh" (worn) {MP+9 Str+8 Dex-3 Stlth-}
   (You acquired it on level 2 of the Orcish Mines)

   Str+8:     It affects your strength (+8).
   Dex-3:     It affects your dexterity (-3).
   MP+9:      It affects your magic capacity (+9).
   Stlth-:    It makes you less stealthy.
Jewellery
 e - a ring of ice
 p - an amulet of regeneration (around neck)
 K - a ring of flight
 L - a ring of positive energy (right hand)
 V - a ring of poison resistance (left hand)
Wands
 c - a wand of digging (13)
 z - a wand of iceblast (46)
 F - a wand of flame (55)
 I - a wand of mindburst (28)
 M - a wand of polymorph (52)
 N - a wand of paralysis (19)
 Y - a wand of acid (11)
Scrolls
 f - 2 scrolls of immolation
 h - 8 scrolls of poison
 l - 4 scrolls of enchant weapon
 r - 10 scrolls of teleportation
 u - 2 scrolls of fog
 w - 5 scrolls of blinking
 x - 4 scrolls of fear
 A - 3 scrolls of revelation
 G - 7 scrolls of enchant armour
 T - 5 scrolls of silence
Potions
 d - 10 potions of curing
 k - 4 potions of attraction
 m - 3 potions of enlightenment
 n - 3 potions of heal wounds
 B - 4 potions of lignification
 D - a potion of berserk rage
 H - 4 potions of cancellation
 O - 5 potions of haste
 P - 2 potions of might
 R - 2 potions of ambrosia
 S - 2 potions of invisibility
 U - 4 potions of mutation
 Z - 2 potions of resistance
Miscellaneous
 y - a sack of spiders


   Skills:
 + Level 16.8 Fighting
 * Level 23.6 Axes
 - Level 10.0 Throwing
 - Level 14.6 Armour
 - Level 13.1 Dodging
 - Level 7.0 Evocations


You had 16 spell levels left.
You didn't know any spells.
Your spell library was empty.

Dungeon Overview and Level Annotations

Branches:
Dungeon (15/15)            Temple (0/1) D:6            Lair (5/5) D:9
  Swamp (4/4) Lair:2        Snake (2/4) Lair:2        Slime (0/5) Lair:5
    Orc (2/2) D:10            Elf (0/3) Orc:2        Vaults (0/5) D:14
 Depths (0/4) D:15        Ossuary (visited)

Altars:
Cheibriados
Dithmenos
Fedhas
Hepliaklqana
Kikubaaqudgha
Makhleb
Nemelex Xobeh
Ru
Sif Muna
Trog
Uskayaw
Vehumet
Wu Jian
Xom
Yredelemnul
Zin
The Shining One
Jiyva

Shops:
D:4 *   D:6 *   D:7 [   D:10 *   D:13 :   Orc:2 ?=(*!   Snake:1 *

Annotations:
D:7 exclusion: oklob plant
D:10 1 runed translucent door
Swamp:3 2 transporters, Ykec Esm's ghost, journeyman DrWn
Snake:1 Roxanne


Innate Abilities, Weirdness & Mutations

You have a pair of horns on your head.
You reflexively headbutt those who attack you in melee.


Message History

The black mamba bites you but does no damage.
The shock serpent shoots out a bolt of lightning at you!
The bolt of electricity hits you! The bolt of electricity misses you.
The bolt of electricity hits the shock serpent.
The shock serpent completely resists.
The salamander hits you with a +0 halberd!!
You are engulfed in flames!
The black mamba bites you but does no damage.
The naga sharpshooter shouts!
You climb upwards.
Level annotation: Roxanne
There is a stone staircase leading down here.
Unknown command.
Unknown command.
A red film seems to cover your vision as you go berserk!
You feel yourself moving faster!
You feel mighty!
The shock serpent shoots out a bolt of lightning at you!
The bolt of electricity hits you! The bolt of electricity hits you!!
* * * LOW HITPOINT WARNING * * *
The bolt of electricity hits the shock serpent.
The shock serpent completely resists.
The black mamba bites you but does no damage.
The salamander hits you with a +0 halberd!
* * * LOW HITPOINT WARNING * * *
You are engulfed in flames!
* * * LOW HITPOINT WARNING * * *
The shock serpent closely misses you.
The black mamba bites you but does no damage.
Unknown command.
Unknown command.
You closely miss the shock serpent. Your headbutt misses the shock serpent.
The shock serpent is moderately wounded.
You completely miss the salamander. You chop the black mamba into pieces!!!
You feel the power of Trog in you as your rage grows.
You kill the black mamba!
Trog accepts your kill.
The salamander hits you with a +0 halberd!
* * * LOW HITPOINT WARNING * * *
You are engulfed in flames!
You die...

#...........................†).
#..........................÷†..
#..............................
#..........................#...
#.........#.........#.....##...
##.......###........##..>###...
######+######[###'#####'# #...
#......[)NS###.#####.# ##..
#....)[..†@.......##(###...
#.############.##......'...
#######.# #.##.##.###...
[.)[)[..# #.##.##.# #...
######### #.......# #...
######## ###.##### #...
.......# #.# #... .......# #.#
#... .......# #.# #...


You could see a salamander (strong) and a shock serpent.

Vanquished Creatures
  Jorgrun (Orc:1)
  Mlioglotl (Swamp:1)
  Gastronok (Orc:1)
  Kirke (D:15)
  Donald (Swamp:2)
  2 orc warlords
  A ghoul (Swamp:3)
  4 bunyips
  A dire elephant (D:15)
  4 eleionomae
  Snorg (D:11)
  Fannar (D:11)
  10 hydras
  2 ghost crabs
  A spriggan air mage (Swamp:3)
  15 alligators
  5 ogre magi
  5 catoblepae
  Erica (Orc:1)
  2 boulder beetles
  8 centaur warriors
  3 anacondas
  A tengu warrior (D:13)
  A vampire mage (Swamp:4)
  13 death yaks
  18 two-headed ogres
  2 naga sharpshooters (Snake:1)
  A shock serpent (Snake:1)
  16 spriggans
  Amaemon (Lair:1)
  3 goliath frogs
  A salamander mystic (Snake:1)
  A skyshark (Lair:2)
  3 spriggan druids
  2 swamp dragons
  2 naga ritualists (Snake:1)
  5 spectral hydras (Swamp:4)
  2 phantasmal warriors (Swamp:4)
  A spectral alligator (Swamp:4)
  An orc knight (D:15)
  10 bog bodies
  4 mana vipers (Snake:1)
  Pikel (D:4)
  2 deep elf pyromancers
  A wolf spider (D:15)
  3 orc sorcerers
  11 ugly things
  6 manticores
  12 elephants (Lair:5)
  5 cyclopes
  Maurice (D:10)
  14 will-o-the-wisps
  8 kobold blastminers
  5 salamanders
  A meliai (D:14)
  6 black mambas
  5 naga magi (Snake:1)
  A water nymph (D:15)
  An orange demon (Lair:1)
  10 cane toads
  Maggie (D:6)
  A rime drake (Lair:3)
  2 rime drakes (shapeshifter)
  2 unseen horrors (D:12)
  4 swamp worm zombies (Swamp:4)
  3 efreet (D:14)
  9 komodo dragons
  A queen bee (shapeshifter) (D:14)
  A tengu conjurer (D:14)
  7 trolls
  A hydra zombie (Swamp:4)
  A polar bear (Lair:3)
  17 hornets
  A wind drake (shapeshifter) (D:14)
  3 spectral swamp dragons (Swamp:4)
  3 blink frogs (Lair:1)
  6 tyrant leeches
  Grinder (D:4)
  A vampire (D:11)
  9 slime creatures
  56 yaks
  A wraith (D:14)
  2 shadows
  3 hogs (D:15)
  2 wyverns
  2 tyrant leech zombies (Swamp:4)
  The ghost of angrytalen3 the Chopper, an amateur MiGl (D:3)
  2 wargs (Orc:1)
  3 basilisks
  9 vampire mosquitoes
  9 water moccasins
  An acid dragon (D:12)
  15 swamp worms
  14 nagas (Snake:1)
  12 orc warriors
  2 ice beasts
  4 black bears
  7 swamp drakes
  A sky beast (D:8)
  4 swamp dragon zombies (Swamp:4)
  3 centaurs
  13 wolves
  24 ogres
  A lemure (D:5)
  A kobold brigand (D:7)
  13 phantoms
  A weeping skull (Ossuary)
  An elf zombie (Ossuary)
  4 gnoll sergeants (D:7)
  4 scorpions
  9 bullfrogs
  5 killer bees (D:9)
  5 howler monkeys
  A crimson imp (D:7)
  4 hounds
  2 human zombies (Ossuary)
  2 centaur zombies (D:3)
  A centaur skeleton (D:3)
  4 jellies
  3 bombardier beetles
  A bullfrog skeleton (D:3)
  3 gnoll boudas
  19 orc priests
  6 iguanas
  Natasha (twice) (D:2)
  25 orc wizards
  A crocodile zombie (Ossuary)
  3 mummies (Ossuary)
  4 hound zombies
  A boggart simulacrum (D:14)
  A hound skeleton (D:5)
  29 gnolls
  A howler monkey skeleton (D:5)
  6 adders
  A shadow imp (D:3)
  A white imp (D:6)
  2 adder skeletons (D:5)
  9 adder zombies
  2 dart slugs
  2 ribbon worms
  56 orcs
  8 ball pythons
  4 bats
  6 endoplasms
  6 giant cockroaches
  A gnoll zombie (Ossuary)
  6 goblins
  6 hobgoblins
  9 jackals
  16 kobolds
  2 quokkas
  5 ball python zombies (Ossuary)
  4 frilled lizards (D:1)
  3 jackal zombies (Ossuary)
  3 kobold zombies (Ossuary)
  2 orc zombies (Ossuary)
  7 rats
  A butterfly (D:6)
841 creatures vanquished.

Vanquished Creatures (collateral kills)
  A bone dragon (Swamp:4)
  A two-headed ogre (D:7)
  2 swamp dragon zombies (Swamp:4)
  A phantom (Swamp:4)
5 creatures vanquished.

Vanquished Creatures (others)
  An alligator (Swamp:1)
  4 bloated husks
  A boggart simulacrum (D:14)
  32 foxfires
38 creatures vanquished.

Grand Total: 884 creatures vanquished

Notes
Turn   | Place    | Note
-------+----------+-------------------------------------------
     0 | D:1      | Daunt the Minotaur Berserker began the quest for the Orb.
     0 | D:1      | Reached XP level 1. HP: 19/19 MP: 0/0
    64 | D:1      | Reached skill level 4 in Axes
   180 | D:1      | Reached XP level 2. HP: 27/27 MP: 1/1
   334 | D:1      | Found a faded altar of an unknown god.
  1036 | D:2      | Found a shadowy altar of Dithmenos.
  1045 | D:2      | Reached XP level 3. HP: 24/33 MP: 2/2
  1169 | D:2      | Reached ** piety under Trog
  1237 | D:2      | Noticed Natasha
  1247 | D:2      | Killed Natasha
  1248 | D:2      | Reached skill level 5 in Axes
  1569 | D:2      | Noticed Natasha
  1579 | D:2      | Killed Natasha
  1580 | D:2      | Reached XP level 4. HP: 41/41 MP: 3/3
  1711 | D:3      | Found a sacrificial altar of Ru.
  1713 | D:3      | Reached XP level 5. HP: 47/47 MP: 4/4
  1760 | D:3      | Found a transporter.
  1763 | D:3      | Found a transporter.
  1763 | D:3      | Noticed angrytalen3's ghost (amateur MiGl)
  1780 | D:3      | Reached skill level 6 in Axes
  1783 | D:3      | Reached skill level 5 in Fighting
  1825 | D:3      | Found a glowing golden altar of the Shining One.
  2058 | D:4      | Reached XP level 6. HP: 45/56 MP: 5/5
  2220 | D:4      | Found Jemienn's Gadget Gallery.
  2264 | D:4      | Found a shadowy altar of Dithmenos.
  2266 | D:4      | Found a basalt altar of Yredelemnul.
  2267 | D:4      | Found a bloodstained altar of Trog.
  2281 | D:4      | Found an ornate altar of the Wu Jian Council.
  2284 | D:4      | Found a sparkling altar of Nemelex Xobeh.
  2288 | D:4      | Found a snail-covered altar of Cheibriados.
  2289 | D:4      | Found a hazy altar of Hepliaklqana.
  2562 | D:4      | Noticed Grinder
  2580 | D:4      | Killed Grinder
  2581 | D:4      | Reached skill level 7 in Axes
  2756 | D:5      | Entered Level 5 of the Dungeon
  2803 | D:5      | Reached XP level 7. HP: 55/63 MP: 6/6
  2823 | D:5      | Reached skill level 8 in Axes
  2923 | D:5      | Found a sand-covered staircase.
  2926 | D:5      | Reached *** piety under Trog
  2936 | Ossuary  | Entered an ossuary
  3011 | Ossuary  | Reached skill level 9 in Axes
  3226 | D:5      | Noticed Pikel
  3229 | D:5      | Reached XP level 8. HP: 73/73 MP: 7/7
  3278 | D:4      | Killed Pikel
  3279 | D:4      | Reached skill level 10 in Axes
  3504 | D:5      | Reached **** piety under Trog
  3629 | D:5      | Reached skill level 11 in Axes
  3647 | D:5      | Reached XP level 9. HP: 73/82 MP: 8/8
  3647 | D:5      | Found a sparkling altar of Nemelex Xobeh.
  3964 | D:6      | Reached skill level 12 in Axes
  4180 | D:6      | Noticed an angel
  4183 | D:6      | Found a glowing silver altar of Zin.
  4186 | D:6      | Found a shimmering altar of Xom.
  4355 | D:6      | Found a staircase to the Ecumenical Temple.
  4457 | D:6      | Found Wiecwuiz's General Store.
  4475 | D:6      | Bought a scroll of enchant armour for 82 gold pieces
  4475 | D:6      | Bought a potion of cancellation for 88 gold pieces
  4475 | D:6      | Bought a scroll of teleportation for 33 gold pieces
  4564 | D:6      | Reached skill level 13 in Axes
  4617 | D:6      | Noticed Maggie
  4634 | D:6      | Killed Maggie
  4635 | D:6      | Reached skill level 10 in Fighting
  4927 | D:7      | Found a hide-covered altar of Uskayaw.
  5026 | D:7      | Reached ***** piety under Trog
  5227 | D:7      | Reached skill level 14 in Axes
  5227 | D:7      | Reached XP level 10. HP: 91/94 MP: 9/9
  5253 | D:7      | Found a blossoming altar of Fedhas.
  5268 | D:7      | Noticed an oklob plant
  5363 | D:7      | Found a bloodstained altar of Trog.
  5472 | D:7      | Reached skill level 1 in Throwing
  5493 | D:7      | Noticed a two-headed ogre
  5497 | D:7      | Killed a two-headed ogre
  5498 | D:7      | Reached skill level 1 in Evocations
  5509 | D:7      | Noticed a white ugly thing
  5522 | D:7      | Killed a white ugly thing
  5570 | D:7      | Reached skill level 5 in Armour
  5757 | D:7      | Found Geluc's Armour Shoppe.
  5877 | D:7      | Found a burning altar of Makhleb.
  5877 | D:7      | Found a radiant altar of Vehumet.
  6387 | D:8      | Noticed a two-headed ogre
  6399 | D:8      | Killed a two-headed ogre
  6524 | D:8      | Paralysed by a hornet for 3 turns
  6924 | D:9      | Received a gift from Trog
  6957 | D:9      | Found a staircase to the Lair.
  7380 | D:10     | Entered Level 10 of the Dungeon
  7416 | D:10     | Found a staircase to the Orcish Mines.
  7430 | D:10     | Found a runed translucent door.
  7430 | D:10     | Noticed a two-headed ogre
  7430 | D:10     | Noticed a gargoyle
  7430 | D:10     | Noticed an orc knight
  7445 | D:10     | Found Niyzuere's Changing Room.
  7450 | D:10     | Reached XP level 11. HP: 102/102 MP: 10/10
  7877 | D:10     | Noticed Maurice
  7885 | D:10     | Maurice stole 21 boomerangs
  7893 | D:10     | Killed Maurice
  7894 | D:10     | Reached skill level 5 in Dodging
  7970 | D:10     | Found an ancient bone altar of Kikubaaqudgha.
  8103 | D:7      | Bought a +4 ring mail of poison resistance for 392 gold
                  | pieces
  8176 | Lair:1   | Entered Level 1 of the Lair of Beasts
  8223 | Lair:1   | Noticed Amaemon
  8236 | Lair:1   | Killed Amaemon
  8552 | Lair:1   | Reached skill level 15 in Axes
  8577 | Lair:1   | Received a gift from Trog
  8597 | Lair:1   | Noticed a death yak
  8614 | Lair:1   | Killed a death yak
  8621 | Lair:1   | Noticed a death yak
  8664 | Lair:1   | Noticed a death yak
  8671 | Lair:1   | Noticed a death yak
  8675 | Lair:1   | Killed a death yak
  8679 | Lair:1   | Noticed a death yak
  8681 | Lair:1   | Killed a death yak
  8684 | Lair:1   | Killed a death yak
  8685 | Lair:1   | Reached skill level 16 in Axes
  8689 | Lair:1   | Killed a death yak
  8826 | Lair:1   | Reached skill level 5 in Throwing
  8826 | Lair:1   | Reached XP level 12. HP: 83/112 MP: 11/11
  9415 | Lair:2   | Found a staircase to the Snake Pit.
  9949 | Lair:2   | Reached skill level 17 in Axes
 10018 | Lair:2   | Found a staircase to the Swamp.
 10763 | Lair:4   | Noticed a four-headed hydra
 10808 | Lair:4   | Killed a one-headed hydra
 10897 | Lair:4   | Received a gift from Trog
 10937 | Lair:4   | Noticed a death yak
 10938 | Lair:4   | Noticed a death yak
 10939 | Lair:4   | Noticed a death yak
 10940 | Lair:4   | Noticed a death yak
 10945 | Lair:4   | Killed a death yak
 10948 | Lair:4   | Killed a death yak
 10951 | Lair:4   | Killed a death yak
 10954 | Lair:4   | Killed a death yak
 10955 | Lair:4   | Reached skill level 18 in Axes
 10955 | Lair:4   | Reached XP level 13. HP: 117/117 MP: 12/12
 11713 | Lair:5   | Entered Level 5 of the Lair of Beasts
 11796 | Lair:5   | Found a viscous altar of Jiyva.
 11796 | Lair:5   | Found a staircase to the Slime Pits.
 11948 | Lair:5   | Identified the +1 leather armour of Weirdness {Int+3}
 12026 | Lair:5   | Reached skill level 10 in Armour
 12461 | Lair:5   | Reached skill level 19 in Axes
 13274 | D:3      | Killed angrytalen3's ghost
 13624 | D:11     | Reached XP level 14. HP: 125/125 MP: 13/13
 13693 | D:11     | Reached ****** piety under Trog
 13785 | D:11     | Noticed Snorg
 13793 | D:11     | Killed Snorg
 13843 | D:11     | Noticed Fannar
 13871 | D:11     | Killed Fannar
 14121 | D:12     | Received a gift from Trog
 14654 | D:12     | Reached skill level 10 in Dodging
 15248 | D:13     | Reached skill level 20 in Axes
 15326 | D:13     | Found Xienuov's Self-Published Books.
 15355 | D:13     | Identified a scroll of acquirement
 15356 | D:13     | Acquired the +7 plate armour of Akhlyj Hiytt {SInv}
 16252 | D:14     | Found a shimmering blue altar of Sif Muna.
 16398 | D:14     | Found a gate to the Vaults.
 16529 | D:14     | Noticed an orc warlord
 16541 | D:14     | Killed an orc warlord
 16682 | D:14     | Reached skill level 5 in Evocations
 16911 | D:14     | Reached skill level 10 in Throwing
 17133 | D:15     | Entered Level 15 of the Dungeon
 17187 | D:15     | Noticed Kirke
 17207 | D:15     | Killed Kirke
 17460 | D:15     | Received a gift from Trog
 17671 | D:15     | Reached XP level 15. HP: 114/132 MP: 14/14
 17836 | D:15     | Found a staircase to the Depths.
 17947 | Orc:1    | Entered Level 1 of the Orcish Mines
 18067 | Orc:1    | Noticed Gastronok
 18091 | Orc:1    | Killed Gastronok
 18091 | Orc:1    | Noticed Erica
 18105 | Orc:1    | Killed Erica
 18200 | Orc:1    | Noticed Jorgrun
 18218 | Orc:1    | Killed Jorgrun
 18440 | Orc:2    | Entered Level 2 of the Orcish Mines
 18500 | Orc:2    | Paralysed by an orc sorcerer for 3 turns
 18506 | Orc:2    | Found a staircase to the Elven Halls.
 18539 | Orc:2    | Found Fuwkei's Magic Scroll Boutique.
 18635 | Orc:2    | Bought a scroll of acquirement for 572 gold pieces
 18635 | Orc:2    | Bought a scroll of identify for 22 gold pieces
 18635 | Orc:2    | Bought a scroll of identify for 22 gold pieces
 18635 | Orc:2    | Bought a scroll of identify for 22 gold pieces
 18710 | Orc:2    | Received a gift from Trog
 18769 | Orc:2    | Paralysed by an ogre mage for 3 turns
 19008 | Orc:2    | Found Roscheito's Distillery.
 19008 | Orc:2    | Found Uheuq's Weapon Emporium.
 19009 | Orc:2    | Found Legemoip's Assorted Antiques.
 19009 | Orc:2    | Found Gaitugil's Jewellery Boutique.
 19111 | Orc:2    | Acquired the +0 pair of boots "Hivemuh" {MP+9 Str+8 Dex-3
                  | Stlth-}
 19254 | Swamp:1  | Entered Level 1 of the Swamp
 19844 | Swamp:1  | Noticed Mlioglotl
 19854 | Swamp:1  | Noticed a lich
 19859 | Swamp:1  | Killed Mlioglotl
 19860 | Swamp:1  | Reached skill level 21 in Axes
 19860 | Swamp:1  | Reached XP level 16. HP: 66/143 MP: 15/15
 20161 | Swamp:2  | Noticed Donald
 20175 | Swamp:2  | Killed Donald
 20368 | Swamp:2  | Identified the ring "Diskief" {Int+4 Dex+6}
 20374 | Swamp:2  | Received a gift from Trog
 21046 | Swamp:3  | Noticed Ykec Esm's ghost (journeyman DrWn)
 21073 | Swamp:3  | Found a transporter.
 21089 | Swamp:3  | Found a transporter.
 21305 | Swamp:3  | Reached skill level 22 in Axes
 21767 | Swamp:4  | Entered Level 4 of the Swamp
 21772 | Swamp:4  | Reached skill level 15 in Fighting
 22478 | Swamp:4  | Received a gift from Trog
 22546 | Swamp:4  | Noticed a bone dragon
 22548 | Swamp:4  | Reached XP level 17. HP: 142/158 MP: 16/16
 22555 | Swamp:4  | Killed a bone dragon
 22558 | Swamp:4  | Reached skill level 23 in Axes
 22672 | Swamp:4  | Got a decaying rune of Zot
 22890 | Orc:2    | Bought a ring of poison resistance for 280 gold pieces
 23068 | D:4      | Bought a sack of spiders for 560 gold pieces
 23278 | Snake:1  | Entered Level 1 of the Snake Pit
 23666 | Snake:1  | Identified the granite talisman of Hangman {Fly Int-2
                  | Slay+2}
 23666 | Snake:1  | Noticed Roxanne
 23724 | Snake:1  | Received a gift from Trog
 23926 | Snake:1  | Found Qabet's General Store.
 24190 | Snake:1  | HP: 8/240 [salamander/+0 halberd (15)]
 24190 | Snake:1  | Slain by a salamander

Illustrated notes

Levels and vault maps discovered:
D:1:      minmay_arrival_loop, layout_loops_corners,
          ebering_ecumenical_altar_mist
D:2:      layout_loops_ring, basic_altar, grunt_ministairs_2, uniq_natasha
D:3:      layout_rooms, mainiacjoe_overflow_small_starburst,
          mainiacjoe_overflow_paths, gammafunk_ghost_mausoleum
D:4:      layout_loops_ring, nicolae_overflow_hallway_of_the_gods,
          nicolae_shop_gadgets, uniq_grinder
D:5:      layout_basic, mainiacjoe_ossuary_entry_find_the_door, st_stairs_13,
          minmay_ruined_shrine, uniq_pikel
D:6:      layout_loops_ring, grunt_temple_overflow_order_and_chaos_1,
          minmay_temple_entry_butterflies, serial_shops, shop,
          hangedman_abyss_or_decor_passed, minmay_hedge_maze, uniq_maggie
D:7:      minmay_chambers_of_sixes, layout_cave_pools,
          grunt_temple_overflow_lords_of_destruction, old_standard_altar,
          tgw_fedhas, serial_gnoll_camp, gnoll_camp_huts_basic,
          gnoll_camp_mini_loothouse, gnoll_camp_mini_hut, gnoll_camp_medium_01,
          gnoll_camp_mini_doghouse, serial_shops, nicolae_stop_n_shop_2,
          david_defended_altar_orc
D:8:      layout_basic
D:9:      corexii_shack_village, layout_long_grid, lair_entry_dummy
D:10:     layout_roguey, kennysheep_mini_moat, orc_0_dummy,
          nicolae_transmutations_shop, minmay_st_funbox, uniq_maurice
D:11:     layout_long_grid, uniq_snorg, uniq_fannar
D:12:     layout_grid_maze
D:13:     layout_basic, nicolae_custom_books, minmay_bent
D:14:     kennysheep_bubbly, layout_basic, hellmonk_vaults_attempted_burglary,
          hangedman_abyss_or_decor_stagger, kennysheep_orc_sif_temple
D:15:     hangedman_depths_entry_try_elsewhere_first, layout_long_grid,
          hangedman_abyss_or_decor_clamps, uniq_kirke
Lair:1:   layout_loops_ring, uniq_amaemon
Lair:2:   layout_chaotic_city, mainiacjoe_swamp_entry_angry_trees,
          dummy_snake_entry
Lair:3:   layout_misc_corridors, pdpol_lair_neglected_garden
Lair:4:   layout_cave_pods
Lair:5:   evilmike_catoblepas_cave, layout_small_grid, slime_entry_1
Swamp:1:  layout_basic_swamp, evilmike_swamp_ruin_house_2,
          nicolae_swamp_alligator_family, uniq_mlioglotl
Swamp:2:  layout_basic_swamp, serial_swamp_ruin, evilmike_swamp_ruin_house_1,
          evilmike_swamp_ruin_rubble_1, nicolae_swamp_wisp_ring_woods,
          uniq_donald
Swamp:3:  layout_basic_swamp, gammafunk_ghost_wrathful_warriors,
          nicolae_swamp_big_swirl, swamp_pool_5
Swamp:4:  swamp_pestilence, layout_basic_swamp, cheibrodos_swamp_pet_leeches,
          nicolae_swamp_tree_isthmus
Snake:1:  layout_gridlike, serial_shops, nicolae_shop_stone, uniq_roxanne
Snake:2:  layout_basic, nicolae_snake_naga_rites
Orc:1:    layout_caves, uniq_gastronok, uniq_jorgrun, uniq_erica
Orc:2:    st_orc_ogre_mass, layout_diamond_mine, serial_shops, shop

Skill      XL: |  1  2  3  4  5  6  7  8  9 10 11 12 13 14 15 16 17 |
---------------+----------------------------------------------------+-----
Axes           | 4 5 6 7 9 11 14 16 18 19 20 21 22 23 | 23.6
Fighting       | 4 5 6 7 8 10 11 13 16 | 16.8
Armour         | 3 4 6 7 9 11 13 14 | 14.6
Throwing       | 3 5 6 8 10 | 10.0
Dodging        | 4 5 7 9 11 13 | 13.1
Evocations     | 3 4 5 7 |  7.0

Action                     |  1- 3 |  4- 6 |  7- 9 | 10-12 | 13-15 | 16-18 || total
---------------------------+-------+-------+-------+-------+-------+-------++-------
  Melee: Hand axe          |    80 |    56 |       |   273 |       |       ||   409
         Headbutt          |    14 |    20 |    68 |    86 |   131 |    64 ||   383
         Punch             |     1 |       |     3 |       |       |       ||     4
         War axe           |       |    27 |   376 |    17 |       |       ||   420
         Battleaxe         |       |       |       |   157 |   650 |   343 ||  1150
  Throw: Dart              |       |       |       |    11 |    18 |     6 ||    35
 Invoke: Trog's Hand       |       |     1 |       |       |     3 |       ||     4
         Berserk           |       |       |     1 |     6 |     2 |     4 ||    13
         Brothers in Arms  |       |       |       |     1 |       |     2 ||     3
    Use: Scroll            |       |     3 |     3 |     4 |    21 |       ||    31
   Stab: Distracted        |       |       |       |       |     1 |       ||     1
 Armour: Ring mail         |     5 |       |       |   157 |   220 |       ||   382
         Chain mail        |    39 |    53 |   302 |   158 |       |       ||   552
         Plate armour      |       |       |       |       |   443 |   490 ||   933
  Dodge: Dodged            |    49 |    34 |   131 |   205 |   338 |   175 ||   932
